 Dungeon Crawl Stone Soup version 0.22.1-5-g62c59d919a (webtiles) character file.

2801 Gargoyl the Chopper (level 9, -4/74 HPs)
             Began as a Centaur Abyssal Knight on Jan 9, 2019.
             Was an Elder of Lugonu.
             Slain by an orc warrior
             ... wielding a +0 dagger
              (14 damage)
             ... on level 8 of the Dungeon.
             The game lasted 00:12:36 (11334 turns).

Gargoyl the Chopper (Centaur Abyssal Knight)       Turns: 11334, Time: 00:12:37

Health: -4/74      AC:  7    Str: 16    XL:     9   Next: 44%
Magic:  13/13      EV: 11    Int: 11    God:    Lugonu [****..]
Gold:   269        SH:  3    Dex: 11    Spells: 8/8 levels left

rFire    . . .     SeeInvis .   q - +1 hand axe (flame)
rCold    . . .     Gourm    .   e - +0 buckler
rNeg     + . .     Faith    .   k - +2 animal skin
rPois    .         Spirit   .   l - +0 helmet
rElec    .         Reflect  .   (no cloak)
rCorr    .         Harm     .   (no gloves)
MR       .....                  (no barding)
Stlth    +.........             (no amulet)
HPRegen  0.22/turn              m - ring of positive energy
MPRegen  0.13/turn              (no ring)

@: lethally poisoned (-4 -> -4), very quick
A: large, hooves 3, deformed body, speed 2, tough skin 3
a: Depart the Abyss, Bend Space, Banish, Corrupt, Renounce Religion


You were on level 8 of the Dungeon.
You worshipped Lugonu.
Lugonu was greatly pleased with you.
You were not hungry.

You visited 1 branch of the dungeon, and saw 8 of its levels.
You visited the Abyss 1 time.

You collected 479 gold pieces.
You spent 210 gold pieces at shops.

Inventory:

Hand Weapons
 a - a +1 hand axe
 q - a +1 hand axe of flaming (weapon)
 t - a +0 blowgun
Missiles
 n - 4 curare-tipped needles
 x - 4 tomahawks (quivered)
Armour
 e - a +0 buckler (worn)
 k - a +2 animal skin (worn)
 l - a +0 helmet (worn)
Jewellery
 m - a ring of positive energy (left hand)
Wands
 i - a wand of random effects (16)
 j - a wand of disintegration (8)
Scrolls
 b - a scroll of identify
 r - 2 scrolls of teleportation
 w - a scroll of fog
 y - a scroll of magic mapping
Potions
 d - a potion of agility
 f - a potion of lignification
 h - 5 potions of heal wounds
 o - a potion of magic {unknown}
 p - 5 potions of curing
 C - 2 potions of resistance {unknown}
Comestibles
 c - 11 rations
 g - 2 chunks of flesh


   Skills:
 + Level 5.0 Fighting
 + Level 6.7 Axes
 + Level 0.7 Throwing
 * Level 4.6 Armour
 * Level 4.6 Dodging
 + Level 1.3 Shields
 * Level 5.5 Invocations


You had 8 spell levels left.
You didn't know any spells.
Your spell library contained the following spells:

 Spells                   Type           Power        Failure   Level  Hunger
 Summon Small Mammal      Summ           #...         41%         1    ##.....
 Call Imp                 Summ           #.......     54%         2    ###....
 Call Canine Familiar     Summ           #.......     78%         3    ####...
 Summon Guardian Golem    Hex/Summ       #.......     78%         3    ####...
 Summon Ice Beast         Ice/Summ       #.......     99%         4    #####..
 Summon Lightning Spire   Summ/Air       #.......     99%         4    #####..


Dungeon Overview and Level Annotations

Branches:
Dungeon (8/15)             Temple (0/1) D:5
   Lair: D:8-11

Altars:
Ashenzari
Cheibriados
Dithmenos
Elyvilon
Makhleb
Nemelex Xobeh
Okawaru
Trog
Uskayaw
Wu Jian

Shops:
D:5 !

Annotations:
D:8 1 runed door


Innate Abilities, Weirdness & Mutations

You have hooves in place of feet.
Armour fits poorly on your strangely shaped body.
You cover ground very quickly.
You have extremely tough skin. (AC +3)


Message History

You miss the orc warrior.
The orc warrior hits you with a dagger!!
You slash the orc warrior! You burn the orc warrior.
You kick the orc warrior, but do no damage.
The orc warrior is moderately wounded.
You feel sick. The orc warrior hits you with a dagger!
You barely miss the orc warrior.
The orc warrior is moderately wounded.
The orc warrior hits you with a dagger.
* * * LOW HITPOINT WARNING * * *
You hit the orc warrior. You burn the orc warrior.
The orc warrior is heavily wounded.
The orc warrior hits you with a dagger!
* * * LOW HITPOINT WARNING * * *
You closely miss the orc warrior.
The orc warrior is heavily wounded.
You hit the orc warrior. You burn the orc warrior.
The orc warrior is severely wounded.
You feel sick. The orc warrior hits you with a dagger!
You die...

......#.##.... #.#.#.##.#.
#####.#.##...# ###
#..<#.##.#( #.#.#....# #%.#
#####....#. #.#.#....# +..
#............
#...#....####.##............#
##..#....#$....#....#######.#
#..#..†.####.##... # #.#
######.(#....#..o..#....# #.#
........#....###@###....# #.#
#######.......$.........# #.#
......................... #.#
########......#........## #.#
##.##.##........# #.#
#.##.##........# #.#
#..#.##........# #.#
##.#.##........# ##.###'# ...
#..................


You could see an orc warrior.

Vanquished Creatures
  A wyvern (D:8)
  Menkaure (D:5)
  A sky beast (D:5)
  An ice beast (D:7)
  3 ogres
  A phantom (D:6)
  4 centaurs
  3 bullfrogs
  2 scorpions (D:5)
  4 wights (D:8)
  2 crimson imps
  2 orc priests
  4 hounds
  3 jellies
  3 bullfrog skeletons
  An iguana (D:7)
  8 orc wizards
  8 worker ants
  2 hound skeletons
  Robin (D:2)
  A worker ant zombie (D:5)
  15 adders
  2 adder zombies (D:8)
  An adder skeleton (D:6)
  3 worms
  A dart slug (D:2)
  5 leopard geckos
  37 orcs
  5 bats
  4 giant cockroaches
  20 goblins
  18 hobgoblins
  7 jackals
  2 quokkas
  2 ball pythons
  5 frilled lizards
  A jackal skeleton (D:4)
  12 kobolds
  A leopard gecko skeleton (D:4)
  A quokka zombie (D:5)
  7 rats
205 creatures vanquished.

Notes
Turn   | Place    | Note
-------+----------+-------------------------------------------
     0 | Abyss:1  | Gargoyl the Centaur Abyssal Knight began the quest for the
                  | Orb.
     0 | Abyss:1  | Reached XP level 1. HP: 19/19 MP: 2/2
    43 | Abyss:1  | Noticed a soul eater
    87 | Abyss:1  | Noticed an orange demon
    90 | Abyss:1  | Noticed a yaktaur
   123 | Abyss:1  | Noticed a small abomination
   137 | D:1      | Escaped the Abyss
   489 | D:1      | Reached XP level 2. HP: 26/26 MP: 3/3
   549 | D:1      | Found an iron altar of Okawaru.
   573 | D:1      | Reached * piety under Lugonu
   737 | D:1      | Reached skill level 1 in Dodging
   957 | D:1      | Reached XP level 3. HP: 27/31 MP: 4/4
   962 | D:1      | Reached skill level 2 in Axes
  1881 | D:2      | Found a snail-covered altar of Cheibriados.
  2608 | D:2      | Reached XP level 4. HP: 25/38 MP: 5/5
  2923 | D:3      | Reached ** piety under Lugonu
  2923 | D:3      | Noticed Robin
  3564 | D:2      | Killed Robin
  3618 | D:3      | Reached XP level 5. HP: 33/45 MP: 7/7
  4082 | D:3      | Found a shadowy altar of Dithmenos.
  5422 | D:4      | Reached XP level 6. HP: 52/52 MP: 8/8
  5449 | D:4      | Reached skill level 3 in Axes
  5834 | D:4      | Found a hide-covered altar of Uskayaw.
  5834 | D:4      | Found a white marble altar of Elyvilon.
  5876 | D:5      | Entered Level 5 of the Dungeon
  5891 | D:5      | Found Adghejom's Distillery.
  5900 | D:5      | Bought 2 potions of heal wounds for 140 gold pieces
  5900 | D:5      | Bought a potion of heal wounds for 70 gold pieces
  6572 | D:5      | Found a bloodstained altar of Trog.
  6603 | D:5      | Reached XP level 7. HP: 24/59 MP: 9/9
  6612 | D:5      | Reached *** piety under Lugonu
  6905 | D:5      | Found a staircase to the Ecumenical Temple.
  6926 | D:5      | Reached skill level 4 in Axes
  7408 | D:5      | Found an ornate altar of the Wu Jian Council.
  7430 | D:5      | Noticed Menkaure
  7437 | D:5      | Killed Menkaure
  7725 | D:6      | Reached XP level 8. HP: 35/67 MP: 11/11
  7765 | D:6      | Reached skill level 1 in Shields
  7974 | D:6      | Found a shattered altar of Ashenzari.
  8499 | D:6      | Reached skill level 5 in Axes
  8977 | D:7      | Reached skill level 5 in Invocations
  9073 | D:7      | Reached **** piety under Lugonu
  9808 | D:7      | Reached XP level 9. HP: 58/72 MP: 12/12
  9817 | D:7      | Reached skill level 6 in Axes
 10165 | D:6      | Found a sparkling altar of Nemelex Xobeh.
 10712 | D:8      | Found a burning altar of Makhleb.
 10985 | D:8      | Reached skill level 5 in Fighting
 11108 | D:8      | Noticed a sixfirhy
 11109 | D:8      | Found a runed door.
 11334 | D:8      | Slain by an orc warrior

Skill      XL: |  1  2  3  4  5  6  7  8  9 |
---------------+----------------------------+-----
Dodging        | 1 2 3 4 |  4.6
Axes           | 2 3 4 5 6 |  6.7
Armour         | 2 3 4 |  4.6
Invocations    | 3 4 5 |  5.5
Fighting       | 4 5 |  5.0
Shields        | 1 |  1.3
Throwing       | |  0.7

Action                   |  1- 3 |  4- 6 |  7- 9 || total
-------------------------+-------+-------+-------++-------
Melee: Hand axe          |   129 |   268 |   287 ||   684
       Kick              |    23 |    53 |    76 ||   152
 Fire: Blowgun           |       |       |     5 ||     5
Invok: Depart the Abyss  |     1 |       |       ||     1
  Use: Potion            |     1 |     1 |       ||     2
       Scroll            |     3 |     1 |     8 ||    12
  Eat: Chunk             |     3 |     8 |    11 ||    22
       Ration            |       |     1 |     1 ||     2
Armor: Chain mail        |    95 |    81 |       ||   176
       Animal skin       |       |    94 |    75 ||   169
Dodge: Dodged            |    27 |   121 |   165 ||   313
Block: Buckler           |     6 |    42 |    39 ||    87
